 Dungeon Crawl Stone Soup version 0.28-a0-1286-g6bde065e89 (webtiles) character file.

Game seed: 12781493759323563063

1524 Gwenloh the Cleaver (level 8, 0/71 HPs)
             Began as a Hill Orc Fighter on Dec 26, 2021.
             Was a Follower of Beogh.
             Slain by an acid dragon (9 damage)
             ... on level 6 of the Dungeon.
             The game lasted 00:14:26 (7949 turns).

Gwenloh the Cleaver (Hill Orc Fighter)              Turns: 7949, Time: 00:14:27

Health: 0/71       AC: 10    Str: 19    XL:     8   Next: 84%
Magic:  0/11       EV:  7    Int:  8    God:    Beogh [*.....]
Gold:   202        SH:  5    Dex: 12    Spells: 7/7 levels left

rFire   . . .      SeeInvis .   a - +1 war axe
rCold   . . .      Faith    .   c - +0 buckler
rNeg    . . .      Spirit   +   E - +0 chain mail
rPois   .          Reflect  .   x - +1 helmet
rElec   .          Harm     .   w - +0 cloak
rCorr   .          Rampage  .   j - +0 pair of gloves
Will    .....                   C - +2 pair of boots
Stlth   ..........              h - amulet of guardian spirit
HPRegen 0.21/turn               (no ring)
MPRegen 0.12/turn               (no ring)

@: mighty, corroded
A: no striking features
a: Renounce Religion


You were on level 6 of the Dungeon.
You worshipped Beogh.
Beogh was aware of your devotion.
You visited 1 branch of the dungeon, and saw 6 of its levels.

You collected 202 gold pieces.

Inventory:

Hand Weapons
 a - a +1 war axe (weapon)
 b - a +1 vorpal hunting sling
 D - a +0 flail of protection
Missiles
 f - 33 sling bullets
 i - 163 stones
 v - 2 throwing nets
 H - 24 bolts
 J - 5 boomerangs
Armour
 c - a +0 buckler (worn)
 j - a +0 pair of gloves (worn)
 w - a +0 cloak (worn)
 x - a +1 helmet (worn)
 y - a +0 scale mail
 C - a +2 pair of boots (worn)
 E - a +0 chain mail (worn)
Jewellery
 h - an amulet of guardian spirit (around neck)
Wands
 m - a wand of iceblast (8)
 p - a wand of flame (27) (quivered)
Scrolls
 g - 2 scrolls of fog
 l - a scroll of magic mapping
 n - 2 scrolls of enchant weapon
 q - a scroll of holy word {unknown}
 r - a scroll of fear {unknown}
 t - a scroll of teleportation {unknown}
 u - a scroll of immolation {unknown}
 A - a scroll of blinking {unknown}
Potions
 e - 5 potions of curing {unknown}
 k - a potion of resistance {unknown}
 o - a potion of heal wounds {unknown}
 s - a potion of invisibility {unknown}
 z - a potion of haste {unknown}
 B - 2 potions of attraction {unknown}
 F - a potion of magic {unknown}
 G - a potion of brilliance {unknown}
 I - a potion of ambrosia {unknown}


   Skills:
 + Level 6.9 Fighting
 * Level 9.5 Axes
 + Level 6.3 Armour
 - Level 4.0 Shields
 + Level 4.4 Invocations


You had 7 spell levels left.
You didn't know any spells.
Your spell library was empty.

Dungeon Overview and Level Annotations

Branches:
Dungeon (6/15)             Temple (0/1) D:6

Altars:
Gozag
Sif Muna
Trog
Yredelemnul


Message History

Items here: )) [[ ††.
b - a +1 vorpal hunting sling (weapon)
i - 163 stones (gained 3)
You now have 202 gold pieces (gained 16).
J - 5 boomerangs (gained 3)
Found a stone staircase leading down.
You open the door.
There is an open door here.
You open the door.
An acid dragon comes into view.
The acid dragon roars!
The acid dragon moves out of view.
A hound and an acid dragon come into view.
The hound barks!
a - a +1 war axe (weapon)
The acid dragon bites you! The acid dragon closely misses you.
You hit the acid dragon but do no damage.
The acid dragon closely misses you. The acid dragon claws you.
You slash the acid dragon!
The acid dragon is moderately wounded.
The acid dragon spits acid at you. The splash of acid hits you!!
The acid corrodes you!
You hit the acid dragon but do no damage.
The acid dragon is moderately wounded.
The acid dragon bites you. The acid dragon claws you.
You slash the acid dragon!
The acid dragon is severely wounded.
The acid dragon spits acid at you. The splash of acid hits you!!
* * * LOW HITPOINT WARNING * * *
The acid corrodes you!
You feel very mighty all of a sudden. The acid dragon bites you.
* * * LOW HITPOINT WARNING * * *
The acid dragon claws you.
* * * LOW HITPOINT WARNING * * *
You barely miss the acid dragon.
The acid dragon is severely wounded.
The acid dragon bites you!
You die...

### ###.#######.........###
# ###....#.............#.##
####........#..............#
#.#..#.##..###...#.##...#.##
#....####.## ##############
##.#### #.# #....# .#....#
### #.88.# .....### #.88.###
.......# #@...'.## .......#
#D####..# ......<# #h. #...#
<......# #..##..## ...<...#
###.#...### .......#
.#.....# .......###
.#.....## .#.......#
#......# ##.......####
##......#


You could see an acid dragon (catching breath) and a hound.

Vanquished Creatures
  Edmund (D:5)
  A necrophage (D:4)
  2 ogres
  A centaur (D:5)
  A phantom (D:4)
  2 scorpions
  A gnoll sergeant (D:4)
  A water moccasin skeleton (D:3)
  A bullfrog zombie (D:3)
  2 bullfrog skeletons (D:5)
  A gnoll shaman (D:5)
  Crazy Yiuf (D:3)
  A centaur skeleton (D:5)
  5 iguanas
  Ijyb (D:3)
  Natasha (thrice) (D:3)
  2 orc wizards
  A hound skeleton (D:4)
  A howler monkey zombie (D:5)
  Robin (D:3)
  13 gnolls
  2 adders (D:3)
  2 shadow imps (D:6)
  A white imp (D:4)
  An ufetubus (D:4)
  3 worms
  4 dart slugs
  10 orcs
  9 ball pythons
  6 endoplasms
  7 giant cockroaches
  17 goblins
  10 hobgoblins
  4 jackals (D:2)
  3 quokkas
  5 bats
  10 kobolds
  A quokka skeleton (D:3)
  11 rats
149 creatures vanquished.

Vanquished Creatures (others)
  An orc priest (D:4)
  An orc wizard (D:4)
  8 plants (D:3)
10 creatures vanquished.

Grand Total: 159 creatures vanquished

Notes
Turn   | Place    | Note
-------+----------+-------------------------------------------
     0 | D:1      | Gwenloh the Hill Orc Fighter began the quest for the Orb.
     0 | D:1      | Reached XP level 1. HP: 19/19 MP: 1/1
   186 | D:1      | Reached skill level 3 in Axes
   188 | D:1      | Reached XP level 2. HP: 23/27 MP: 0/2
   459 | D:1      | Reached XP level 3. HP: 30/33 MP: 3/3
   641 | D:1      | Found a faded altar of an unknown god.
  1465 | D:2      | Reached skill level 4 in Axes
  1844 | D:1      | Reached XP level 4. HP: 27/40 MP: 2/4
  2849 | D:3      | Reached skill level 5 in Axes
  2849 | D:3      | Reached XP level 5. HP: 37/47 MP: 2/5
  2948 | D:3      | Noticed Ijyb
  2963 | D:3      | Killed Ijyb
  3345 | D:3      | Noticed Natasha
  3355 | D:3      | Killed Natasha
  3447 | D:3      | Reached XP level 6. HP: 55/55 MP: 6/6
  3615 | D:3      | Reached skill level 6 in Axes
  3714 | D:3      | Found a runed translucent door.
  3715 | D:3      | Noticed Crazy Yiuf
  3828 | D:3      | Noticed Natasha
  3854 | D:3      | Killed Natasha
  3855 | D:3      | Reached skill level 5 in Fighting
  4055 | D:3      | Killed Crazy Yiuf
  4229 | D:3      | Noticed Natasha
  4233 | D:3      | Killed Natasha
  4377 | D:4      | Noticed Robin
  4450 | D:3      | Killed Robin
  4534 | D:4      | Became a worshipper of Beogh the Brigand
  4537 | D:4      | Noticed a necrophage
  4729 | D:3      | Reached XP level 7. HP: 30/61 MP: 4/7
  5021 | D:4      | Reached skill level 7 in Axes
  5021 | D:4      | Reached skill level 5 in Armour
  5172 | D:4      | Reached skill level 1 in Invocations
  5735 | D:5      | Entered Level 5 of the Dungeon
  5824 | D:5      | Reached skill level 8 in Axes
  5962 | D:5      | Reached XP level 8. HP: 70/70 MP: 9/9
  5994 | D:5      | Reached * piety under Beogh
  6098 | D:5      | Found a shimmering blue altar of Sif Muna.
  6677 | D:5      | Noticed Edmund
  6695 | D:5      | Killed Edmund
  6696 | D:5      | Reached skill level 9 in Axes
  7365 | D:6      | Found a basalt altar of Yredelemnul.
  7371 | D:6      | Found an opulent altar of Gozag.
  7404 | D:6      | Found a staircase to the Ecumenical Temple.
  7460 | D:6      | Found a bloodstained altar of Trog.
  7949 | D:6      | Slain by an acid dragon

Illustrated notes

Levels and vault maps discovered:
D:1:      roderic_crossed_star, layout_loops_ring, basic_ecumenical_altar
D:2:      layout_basic
D:3:      layout_basic, serial_bayou_crossing, uniq_crazy_yiuf_cottage,
          uniq_ijyb, uniq_natasha
D:4:      kennysheep_big_flooded_room, layout_cave_pools, uniq_robin
D:5:      layout_loops_ring, mainiacjoe_overflow_alcove_2, uniq_edmund
D:6:      minmay_chambers_of_fours, layout_cave_pools,
          mainiacjoe_overflow_concentric_impassable, grunt_temple_overflow_open,
          minmay_temple_entry_trees

Skill      XL: |  1  2  3  4  5  6  7  8 |
---------------+-------------------------+-----
Axes           | 3 4 5 6 8 9 |  9.5
Fighting       | 4 5 6 |  6.9
Shields        | 4 |  4.0
Armour         | 4 5 6 |  6.3
Invocations    | 2 4 |  4.4

Action                   |  1- 3 |  4- 6 |  7- 9 || total
-------------------------+-------+-------+-------++-------
Melee: War axe           |   114 |   180 |   144 ||   438
 Fire: Hunting sling     |       |     7 |   100 ||   107
Throw: Stone             |    43 |    84 |       ||   127
Invok: Convert to Beogh  |       |     1 |       ||     1
Evoke: Wand              |       |       |     6 ||     6
  Use: Scroll            |       |     1 |     3 ||     4
       Potion            |       |       |     1 ||     1
Armor: Scale mail        |    40 |    82 |    45 ||   167
       Chain mail        |       |       |    16 ||    16
Dodge: Dodged            |    59 |    78 |    61 ||   198
Block: Buckler           |    32 |    54 |    31 ||   117

Table legend: (Time is in decaauts)
 A = Elapsed time spent in this place.
 B = Non-inter-level travel time spent in this place.
 C = Inter-level travel time spent in this place.
 D = Time resting spent in this place.
 E = Time spent auto-exploring this place.
 F = Levels seen in this place.
 G = Mean time per level.
                   A        B        C        D        E       F      G
               +--------+--------+--------+--------+--------+-----+--------+
         Total |   8084 |   7830 |    254 |    950 |   5298 |   6 | 1347.3 |
       Dungeon |   8084 |   7830 |    254 |    950 |   5298 |   6 | 1347.3 |
               +--------+--------+--------+--------+--------+-----+--------+

Top non-repeatable levels by time:
     D:3: 2225 daAuts
     D:1: 1543 daAuts
     D:5: 1497 daAuts
     D:2: 1207 daAuts
     D:4: 958 daAuts
     D:6: 652 daAuts
